 Dungeon Crawl Stone Soup version 0.13.1-17-g0f9d4ff (webtiles) character file.

3879 Lilouch the Protected (level 9, -2/65 HPs)
             Began as a Mummy Fighter on Dec 15, 2013.
             Was a Plaything of Xom.
             Slain by a two-headed ogre
             ... wielding a +0,+0 giant club
              (8 damage)
             ... on Level 9 of the Dungeon.
             The game lasted 00:40:46 (11536 turns).

Lilouch the Protected (Mummy Fighter)              Turns: 11536, Time: 00:40:46

HP  -2/65        AC 14     Str 22      XL: 9   Next: 73%
MP   8/8         EV  4     Int 12      God: Xom
Gold 522         SH 19     Dex 11      Spells:  0 memorised,  8 levels left

Res.Fire  : x . .   See Invis. : +   a - +0 trident
Res.Cold  : + . .   Warding    : .   G - +0 orc plate armour
Life Prot.: + + +   Conserve   : .   c - +0 shield
Res.Poison: +       Res.Corr.  : .   (no helmet)
Res.Elec. : .       Clarity    : .   (no cloak)
Sust.Abil.: . .     Spirit.Shd : .   (no gloves)
Res.Mut.  : .       Stasis     : .   (no boots)
Res.Rott. : +       Flight     : .   (no amulet)
Saprovore : . . .                    e - ring of see invisible {unknown}
                                     f - +5 ring of intelligence

@: somewhat resistant to hostile enchantments, extremely unstealthy
A: no food or potions, fire vulnerability, restore body, cold resistance 1, life
protection 3, poison resistance, torment resistance, unbreathing
a: Renounce Religion


You were on level 9 of the Dungeon.
You worshipped Xom.
You were a toy of Xom.
You were not hungry.

You visited 2 branches of the dungeon, and saw 10 of its levels.

You collected 502 gold pieces.

Inventory:

Hand weapons
 a - a +0,+0 trident (weapon)
 z - a +0 blowgun
 B - the +11,+8 mace of Hatred {drain, +Inv rF+}
   (You found it on level 6 of the Dungeon)

   A truly terrible weapon, it drains the life of those it strikes.
   It protects you from fire.
   It lets you turn invisible.
 C - a +2,+2 quarterstaff of chaos
Missiles
 d - 40 poisoned needles
 j - 17 bolts
 s - 4 exploding darts
 u - a throwing net
 y - a dart of flame
 F - a steel javelin (quivered)
 H - a dart of frost
 I - 2 javelins
Armour
 c - a +0 shield (worn)
 l - a +2 orcish plate armour
 D - a +1 cloak
 G - a +0 orcish plate armour (worn)
 K - a +0 plate armour
Magical devices
 n - a wand of fire (6)
 M - a wand of magic darts (4)
 O - a wand of disintegration (13) {unknown}
Scrolls
 g - 5 scrolls of recharging
 i - 2 scrolls of enchant weapon I {unknown}
 k - 2 scrolls of remove curse
 m - 3 scrolls of fog
 p - 3 scrolls of identify
 q - 2 scrolls of fear
 r - 4 scrolls of teleportation
 v - a scroll of magic mapping {unknown}
 w - a scroll of amnesia {unknown}
 E - a scroll of noise {unknown}
 L - a scroll of enchant armour {unknown}
 N - a scroll of enchant weapon III {unknown}
 P - a scroll of curse weapon {unknown}
 R - a scroll of random uselessness {unknown}
Jewellery
 e - a ring of see invisible (right hand) {unknown}
 f - a +5 ring of intelligence (left hand)
 h - an uncursed ring of magical power
 t - an uncursed ring of ice
 A - an uncursed ring of protection from magic {unknown}
 J - a +3 ring of dexterity {unknown}
Books
 b - a book of Cantrips

   Spells                             Type                      Level
   Confusing Touch                    Hexes                        1
   Animate Skeleton                   Necromancy                   1
   Summon Small Mammal                Summoning                    1
   Apportation                        Translocation                1
 o - a book of Party Tricks

   Spells                             Type                      Level
   Summon Butterflies                 Summoning                    1
   Apportation                        Translocation                1
   Blink                              Translocation                2
   Alistair's Intoxication            Transmutation/Poison         4
   Tukima's Dance                     Hexes                        5
 x - a book of Envenomations

   Spells                             Type                      Level
   Spider Form                        Transmutation/Poison         3
   Poison Weapon                      Charms/Poison                3
   Summon Scorpions                   Summoning/Poison             4
   Olgreb's Toxic Radiance            Poison                       4
   Poisonous Cloud                    Conjuration/Poison/Air       6
 Q - a book of Enchantments

   Spells                             Type                      Level
   Cause Fear                         Hexes                        4
   Silence                            Hexes/Air                    5
   Tukima's Dance                     Hexes                        5
   Deflect Missiles                   Charms/Air                   6
   Haste                              Charms                       6
   Discord                            Hexes                        8


   Skills:
 - Level 3.0 Fighting
 + Level 6.8 Polearms
 * Level 9.7 Armour
 - Level 3.1 Shields


You had 8 spell levels left.
You didn't know any spells.

Dungeon Overview and Level Annotations

Branches:
Dungeon (9/27)             Temple (1/1) D:7             Orc (0/4) D:7
   Lair: D:8-13

Altars:
Ashenzari
Cheibriados
Elyvilon
Fedhas
Okawaru
Sif Muna
Vehumet
Xom
Yredelemnul
Zin
the Shining One

Shops:
D:4 /   D:8 [


Innate Abilities, Weirdness & Mutations

You do not eat or drink.
Your flesh is vulnerable to fire.
Your flesh is cold resistant.
You are immune to negative energy.
Your system is resistant to poisons.
You are immune to unholy pain and torment.
You can survive without breathing.


Message History

The steel javelin hits the two-headed ogre.
The two-headed ogre is heavily wounded.
Throwing (i - inventory. (,) - cycle):
F - 2 steel javelins (quivered)
Press: ? - help, Shift-Dir - straight line, f/p - two-headed ogre
Aim: a two-headed ogre, wielding two giant clubs (heavily wounded)
You throw a steel javelin.
The steel javelin hits the two-headed ogre.
The two-headed ogre is almost dead.
Your plate armour prevents you from hitting the two-headed ogre.
The two-headed ogre is almost dead.
The two-headed ogre hits you with a giant club!
You hit the two-headed ogre.
The two-headed ogre is almost dead.
The two-headed ogre hits you with a giant club!
You hit the two-headed ogre.
The two-headed ogre is almost dead.
The two-headed ogre hits you with a giant club!
* * * LOW HITPOINT WARNING * * *
The two-headed ogre hits you with a giant club!
You die...

### ..######
.......# ..####.#
.## #.########### .#
#...<.......# .##
###########.# ..#
#.# #.# ##########@#
#.# #.......##O# #.#
#..<....##(##
#.#####.......##(.##
#...........<......#
#.#####......O###..#
#.# #.......# #..#
#.# ##.....O.# #..#
#.# ##.#..#.#####..#


You could see a two-headed ogre.

Vanquished Creatures
  Eustachio (D:8)
  An ice beast (D:5)
  2 phantoms
  3 orc warriors (D:7)
  2 black bears (D:7)
  5 ogres
  A warg (D:7)
  5 giant frogs
  A water moccasin (D:8)
  A wyvern zombie (D:8)
  A crimson imp (D:5)
  A jelly (D:5)
  Crazy Yiuf (D:6)
  3 orc priests
  2 centaur zombies
  2 scorpions
  5 orc wizards
  2 iguanas
  4 hounds
  10 worker ants
  A hound skeleton (D:5)
  Terence (D:2)
  8 adders
  A giant mite (D:3)
  5 worms
  A scorpion zombie (D:7)
  2 adder skeletons (D:8)
  An adder zombie (D:7)
  A grey rat (D:8)
  An iguana skeleton (D:5)
  2 giant eyeballs
  8 giant geckos
  25 orcs
  A ball python (D:3)
  17 bats
  4 giant cockroaches
  9 goblins
  15 hobgoblins
  7 jackals (D:3)
  19 kobolds
  4 quokkas
  5 giant newts
  A giant spore (D:5)
  A hobgoblin zombie (D:7)
  A kobold zombie (D:7)
  An orc skeleton (D:6)
  9 rats
  27 ballistomycetes
  A fungus (D:3)
232 creatures vanquished.

Vanquished Creatures (collateral kills)
  2 orc warriors (D:7)
  An orc priest (D:7)
  An orc (D:7)
4 creatures vanquished.

Vanquished Creatures (others)
  A quasit (D:7)
  A lemure (D:7)
  2 orcs (D:7)
  A giant newt (D:5)
  3 giant spores
  A ballistomycete (D:8)
9 creatures vanquished.

Grand Total: 245 creatures vanquished

Notes
Turn   | Place    | Note
--------------------------------------------------------------
     0 | D:1      | Lilouch, the Mummy Fighter, began the quest for the Orb.
     0 | D:1      | Reached XP level 1. HP: 18/18 MP: 0/0
   226 | D:1      | Reached XP level 2. HP: 24/24 MP: 1/1
   760 | D:2      | Noticed Terence
   775 | D:2      | Killed Terence
   775 | D:2      | Reached XP level 3. HP: 10/30 MP: 2/2
  1420 | D:3      | Found a white marble altar of Elyvilon.
  1875 | D:2      | Reached XP level 4. HP: 32/36 MP: 3/3
  2745 | D:4      | Reached XP level 5. HP: 30/41 MP: 4/4
  3049 | D:4      | HP: 2/41 [iguana (7)]
  3388 | D:4      | Reached skill level 4 in Armour
  4043 | D:5      | Entered Level 5 of the Dungeon
  4337 | D:4      | Reached XP level 6. HP: 33/48 MP: 5/5
  4659 | D:4      | Found Canaecis' Magical Wand Shoppe.
  4932 | D:5      | Noticed an ice beast
  5023 | D:5      | Paralysed by a giant eyeball for 2 turns
  5050 | D:5      | Paralysed by a giant eyeball for 3 turns
  5229 | D:5      | Reached skill level 5 in Armour
  5736 | D:5      | Found a shattered altar of Ashenzari.
  6179 | D:5      | Killed an ice beast
  6179 | D:5      | Reached XP level 7. HP: 20/53 MP: 6/6
  6392 | D:5      | Found a shattered altar of Ashenzari.
  6538 | D:5      | Reached skill level 6 in Armour
  6992 | D:6      | Got a pitted mace
  7004 | D:6      | Reached XP level 8. HP: 55/60 MP: 7/7
  7087 | D:6      | Noticed Crazy Yiuf
  7111 | D:6      | Killed Crazy Yiuf
  7250 | D:6      | Reached skill level 7 in Armour
  7465 | D:6      | Reached skill level 5 in Polearms
  8354 | D:8      | Noticed Eustachio
  8547 | D:7      | Reached skill level 8 in Armour
  8691 | D:7      | Identified the +11,+8 mace of Hatred {drain, +Inv rF+} (You found it on level 6 of the Dungeon)
  8709 | D:7      | Found a staircase to the Ecumenical Temple.
  8734 | Temple   | Entered the Ecumenical Temple
  8752 | Temple   | Became a worshipper of Xom of Chaos
  8839 | D:8      | XOM: divination: detect creatures
  8876 | D:8      | XOM: noise
  8890 | D:7      | XOM: god gift: scroll labeled KLUIHAA ZOISHAEMA
  8903 | D:7      | XOM: confusion
  8969 | D:7      | XOM: noise
  9068 | D:7      | XOM: summons 8 friendly demons
  9074 | D:7      | Reached XP level 9. HP: 43/65 MP: 8/8
  9124 | D:7      | XOM: god gift: copper wand {god gift}
  9511 | D:7      | Found a staircase to the Orcish Mines.
  9643 | D:7      | XOM: god gift: plate armour {god gift}
  9684 | D:7      | XOM: noise
  9686 | D:7      | XOM: summons friendly quasit
 10161 | D:7      | Reached skill level 9 in Armour
 10212 | D:7      | Found a glowing golden altar of the Shining One.
 10327 | D:8      | XOM: divination: magic mapping
 10444 | D:8      | Killed Eustachio
 10642 | D:8      | XOM: divination: detect items
 10695 | D:8      | XOM: harmless Pois miscast
 10744 | D:8      | XOM: potion effect (invisibility)
 10747 | D:8      | XOM: silly message
 11064 | D:8      | Found a snail-covered altar of Cheibriados.
 11198 | D:8      | XOM: divination: detect creatures
 11320 | D:8      | Found Litaqath's Armour Shoppe.
 11389 | D:9      | XOM: silly message
 11536 | D:9      | Slain by a two-headed ogre

Action                   |  1- 3 |  4- 6 |  7- 9 || total
-------------------------+-------+-------+-------++-------
Melee: Trident           |   173 |   447 |   714 ||  1334
Throw: Dart              |       |    11 |    19 ||    30
       Javelin           |       |     1 |    17 ||    18
       Throwing net      |       |       |     1 ||     1
Evoke: Wand              |       |       |     2 ||     2
  Use: Scroll            |       |     7 |     3 ||    10
